AoeStats
← zamithdaniel

Arena

508751035Analyzed
2v2 RM · 9d ago on Sep 23, 2026· 32m 18s· 4 players
Game mode
Random Map
Map size
Medium (4 player)
Population
200
Speed
Normal
Resources
Standard
Victory
Conquest
Starting age
Dark Age
Ending age
Imperial Age
RankedLock teamsTeams togetherTeam positionsShared explorationLock speedFull tech treeHidden civsTurbo modeCheats
Victory
Defeat
🇨🇴 Celts · Colombia
935
+14
🇨🇴 Byzantines · Colombia
855
+17
🇦🇷 Bengalis · Argentina
888
-27
870
-15
Bobby Brad Phill Johnson Mcguire
9:24 Feudal Age
9:54 Double-Bit Axe
9:57 Horse Collar
18:20 Castle Age
16:57 Stone Mining
19:16 Bow Saw
21:20 Heavy Plow
24:28 Pikeman
27:57 Gambesons
27:32 Man-at-Arms
GoGoGonza
8:14 Loom
12:22 Feudal Age
14:00 Double-Bit Axe
13:57 Horse Collar
14:45 Loom
17:37 Castle Age
20:55 Fletching
21:05 Padded Archer Armor
21:39 Bow Saw
21:24 Gold Mining
22:16 Bodkin Arrow
24:43 Leather Archer Armor
30:04 Husbandry
30:51 Bloodlines
zamithdaniel
10:45 Feudal Age
11:36 Double-Bit Axe
11:36 Horse Collar
19:00 Castle Age
17:37 Stone Mining
20:07 Scale Mail Armor
20:17 Forging
21:36 Chain Mail Armor
21:53 Gold Mining
26:07 Pikeman
27:27 Iron Casting
andres simijaca
7:45 Loom
10:09 Feudal Age
10:51 Double-Bit Axe
10:51 Horse Collar
19:05 Castle Age
17:36 Stone Mining
19:15 Pikeman
19:44 Gambesons
20:29 Squires
21:15 Man-at-Arms
22:56 Forging
23:03 Scale Mail Armor
26:45 Stone Shaft Mining
27:33 Iron Casting
29:42 Padded Archer Armor
Connection lost

Rejoining the realm…

Still unreachable

The connection could not be restored.

Session expired

The server has moved on; the page needs a fresh start.